 Dungeon Sprint DCSS version 0.30-a0-715-gdb4ae3ece1 (webtiles) character file.

Game seed: 1459133052002675031

1932 mhtbhm the Swashbuckler (level 9, -7/68 HPs)
             Began as a Kobold Berserker on Jan 23, 2023.
             Was an Elder of Trog.
             Shot with an arrow by a centaur warrior (17 damage)
             ... in the Dungeon (Sprint IX: "|||||||||||||||||||||||||||||").
             The game lasted 00:02:36 (554 turns).

mhtbhm the Swashbuckler (Kobold Berserker)           Turns: 554, Time: 00:02:36

Health: -7/68      AC: 12    Str: 18    XL:     9   Next: 40%
Magic:  9/9        EV: 20    Int:  9    God:    Trog [****..]
Gold:   0          SH:  0    Dex: 14    Spells: 8/8 levels left

rFire   . . .      SeeInvis .    a - +4 dagger
rCold   . . .      Faith    .    (no shield)
rNeg    . . .      Spirit   .    b - +2 ring mail
rPois   .          Reflect  .    (no helmet)
rElec   .          Harm     .    (no cloak)
rCorr   .          Rampage  .    m - +0 pair of gloves
Will    .....      NoTele   +    l - +0 pair of boots
Stlth   +++                      (no amulet)
HPRegen 0.31/turn                j - +2 ring of evasion
MPRegen 0.11/turn                k - +2 ring of protection

@: on berserk cooldown, slowed, very slow
A: small, no large weapons, nightstalker 3
a: Renounce Religion, Berserk, Trog's Hand, Brothers in Arms


You were in the Dungeon.
You worshipped Trog.
Trog was greatly pleased with you.
You visited 1 branch

Inventory:

Hand Weapons
 a - a +4 dagger (weapon)
Armour
 b - a +2 ring mail (worn)
 l - a +0 pair of boots (worn)
 m - a +0 pair of gloves (worn)
Jewellery
 j - a +2 ring of evasion (left hand)
 k - a +2 ring of protection (right hand)
Wands
 i - a wand of roots (5)
Scrolls
 h - a scroll of blinking
Potions
 c - 5 potions of curing
 e - a potion of heal wounds
 f - 4 potions of magic


   Skills:
 + Level 13.1 Fighting
 + Level 15.9 Short Blades
 + Level 6.0 Armour
 + Level 10.2 Dodging
 + Level 2.7 Stealth
 + Level 2.5 Evocations


You had 8 spell levels left.
You didn't know any spells.
Your spell library was empty.

Dungeon Overview and Level Annotations

Branches:
Dungeon (1/1)

Altars:
Cheibriados
Dithmenos
Elyvilon
Fedhas
Gozag
Hepliaklqana
Kikubaaqudgha
Makhleb
Nemelex Xobeh
Okawaru
Qazlal
Ru
Sif Muna
Trog
Uskayaw
Vehumet
Wu Jian
Xom
Yredelemnul
Zin
The Shining One
Jiyva
Lugonu


Innate Abilities, Weirdness & Mutations

You are small and have problems with some larger weapons.
You are completely attuned to the shadows.


Message History

The centaur warrior hits you. The centaur warrior misses you.
Unknown command.
Your ogre goes berserk!
Trog will no longer gift you weapons.
The centaur warrior hits you but does no damage.
The centaur warrior kicks you. The centaur warrior closely misses you.
The centaur warrior barely misses you.
The centaur warrior completely misses you.
The centaur warrior misses you.
Unknown command.
The centaur warrior attacks as you move away!
The centaur warrior completely misses you.
The centaur warrior kicks you but does no damage.
The centaur warrior hits you but does no damage.
The centaur warrior misses you.
You swap places.
The centaur warrior hits your ogre. The centaur warrior kicks your ogre.
Your ogre barely misses the centaur warrior.
The centaur warrior wields a +0 shortbow.
The centaur warrior shoots an arrow.
The arrow barely misses your ogre. The arrow misses you.
Your ogre barely misses the centaur warrior.
Unknown command.
The centaur warrior shoots an arrow.
The arrow hits your ogre!
The centaur warrior shoots an arrow.
The arrow hits your ogre!
Your ogre dies!
Your ogre's corpse disappears in a puff of smoke!
Unknown command.
Aiming: Fastroot
Press: ? - help, Shift-Dir - straight line, f - centaur warrior
Aim: a centaur warrior, wielding a +0 shortbow The roots erupt in riotous growth!
Roots grab the centaur warrior.
Roots grab the cyan ugly thing.
The grasping roots constrict the cyan ugly thing.
The grasping roots constrict the centaur warrior!
The roots release their grip on the centaur warrior.
The centaur warrior shoots an arrow.
The arrow hits you!!
* * * LOW HITPOINT WARNING * * *
The centaur warrior shoots an arrow.
The arrow hits you!
You die... ▓▓▓▓▓▓▓▓▓▓▓▓▓▓▓▓▓▓▓▓▓▓▓▓ ...uc§.@)).'.[..).)?.'__ ▓▓▓▓▓▓▓▓▓▓▓▓▓▓▓▓▓▓▓▓▓▓▓▓

You could see a cyan ugly thing (rooted) and a centaur warrior.

Vanquished Creatures
  A two-headed ogre (D)
  A gargoyle (D)
  A komodo dragon (D)
  A vampire (D)
  A wraith (D)
  A basilisk (D)
  A vampire mosquito (D)
  A wight (D)
  A jelly (D)
  A hound (D)
  An iguana (D)
  An orc wizard (D)
  2 adders (D)
  A bat (D)
  A goblin (D)
  2 kobolds (D)
  A frilled lizard (D)
19 creatures vanquished.

Vanquished Creatures (collateral kills)
  A wight (D)
1 creature vanquished.

Grand Total: 20 creatures vanquished

Notes
Turn   | Place    | Note
-------+----------+-------------------------------------------
     0 | D        | mhtbhm the Kobold Berserker began the quest for the Orb.
     0 | D        | Reached XP level 1. HP: 14/14 MP: 1/1
    10 | D        | Reached ** piety under Trog
    20 | D        | Reached skill level 5 in Short Blades
    20 | D        | Reached XP level 2. HP: 19/20 MP: 2/2
    42 | D        | Reached *** piety under Trog
    43 | D        | Reached skill level 5 in Fighting
    43 | D        | Reached skill level 6 in Short Blades
    43 | D        | Reached XP level 3. HP: 9/26 MP: 3/3
    48 | D        | Reached skill level 7 in Short Blades
    48 | D        | Reached XP level 4. HP: 10/32 MP: 4/4
    67 | D        | Reached skill level 8 in Short Blades
    67 | D        | Reached XP level 5. HP: 4/38 MP: 5/5
    80 | D        | Found a snail-covered altar of Cheibriados.
    80 | D        | Found a shadowy altar of Dithmenos.
    81 | D        | Found a white marble altar of Elyvilon.
    82 | D        | Found a blossoming altar of Fedhas.
    83 | D        | Found an opulent altar of Gozag.
    84 | D        | Found a hazy altar of Hepliaklqana.
    85 | D        | Found a viscous altar of Jiyva.
    86 | D        | Found an ancient bone altar of Kikubaaqudgha.
    87 | D        | Found a corrupted altar of Lugonu.
    88 | D        | Found a burning altar of Makhleb.
    89 | D        | Found a sparkling altar of Nemelex Xobeh.
    90 | D        | Found an iron altar of Okawaru.
    91 | D        | Found a stormy altar of Qazlal.
    92 | D        | Found a sacrificial altar of Ru.
    93 | D        | Found a shimmering blue altar of Sif Muna.
    94 | D        | Found a bloodstained altar of Trog.
    95 | D        | Found a hide-covered altar of Uskayaw.
   201 | D        | Found a radiant altar of Vehumet.
   202 | D        | Found an ornate altar of the Wu Jian Council.
   203 | D        | Found a shimmering altar of Xom.
   206 | D        | Found a basalt altar of Yredelemnul.
   207 | D        | Found a glowing silver altar of Zin.
   212 | D        | Found a glowing golden altar of the Shining One.
   278 | D        | Noticed a komodo dragon
   293 | D        | Killed a komodo dragon
   293 | D        | Reached **** piety under Trog
   294 | D        | Reached skill level 11 in Short Blades
   294 | D        | Reached XP level 6. HP: 37/48 MP: 6/6
   294 | D        | Reached XP level 7. HP: 40/52 MP: 7/7
   294 | D        | Noticed a vampire
   301 | D        | Reached skill level 10 in Fighting
   301 | D        | Noticed a two-headed ogre
   313 | D        | Reached skill level 12 in Short Blades
   326 | D        | Killed a vampire
   327 | D        | Reached skill level 13 in Short Blades
   341 | D        | Killed a two-headed ogre
   342 | D        | Reached skill level 14 in Short Blades
   342 | D        | Reached skill level 5 in Armour
   342 | D        | Reached skill level 1 in Stealth
   342 | D        | Reached skill level 1 in Evocations
   342 | D        | Reached XP level 8. HP: 45/60 MP: 8/8
   514 | D        | Noticed a basilisk
   514 | D        | Noticed a wraith
   514 | D        | Noticed a gargoyle
   525 | D        | Killed a gargoyle
   526 | D        | Reached skill level 15 in Short Blades
   526 | D        | Reached XP level 9. HP: 67/67 MP: 9/9
   535 | D        | Noticed a centaur warrior
   542 | D        | Noticed a cyan ugly thing
   543 | D        | Reached skill level 10 in Dodging
   545 | D        | Reached ***** piety under Trog
   554 | D        | Shot with an arrow by a centaur warrior

Illustrated notes

Levels and vault maps discovered:
D:        linesprint [early_d, line_temple, items_1, d_10, items_2, lair_1,
          lair_end, items_3, orc_1, orc_end, items_4, d_15, swamp_1, shoals_1,
          snake_1, spider_1, d_20, vaults_1, items_5, swamp_end, shoals_end,
          snake_end, spider_end, vaults_end, d_27, items_6, zot_1, zot_end,
          crypt_end, forest_end, elf_end, slime_end, tomb_end, abyss_end,
          pan_hell_end]

Skill      XL: |  1  2  3  4  5  6  7  8  9 |
---------------+----------------------------+-----
Fighting       | 4 5 6 7 9 12 13 | 13.1
Short Blades   | 5 6 7 8 11 14 15 | 15.9
Armour         | 2 3 5 6 |  6.0
Dodging        | 3 4 6 9 10 | 10.2
Stealth        | 1 2 |  2.7
Evocations     | 1 2 |  2.5

Action                     |  1- 3 |  4- 6 |  7- 9 || total
---------------------------+-------+-------+-------++-------
  Melee: Short sword       |    34 |    22 |    31 ||    87
         Punch             |     1 |       |     1 ||     2
         Dagger            |       |       |    32 ||    32
 Invoke: Berserk           |     1 |       |     1 ||     2
         Brothers in Arms  |       |       |     2 ||     2
  Evoke: Wand              |       |       |     5 ||     5
    Use: Potion            |       |     3 |     2 ||     5
         Scroll            |       |       |     1 ||     1
   Stab: Invisible         |       |       |     1 ||     1
 Armour: Animal skin       |     1 |     1 |       ||     2
         Ring mail         |       |     1 |    11 ||    12
  Dodge: Dodged            |    17 |    13 |    39 ||    69

Table legend: (Time is in decaauts)
 A = Elapsed time spent in this place.
 B = Non-inter-level travel time spent in this place.
 C = Inter-level travel time spent in this place.
 D = Time resting spent in this place.
 E = Time spent auto-exploring this place.
 F = Levels seen in this place.
 G = Mean time per level.
                   A        B        C        D        E       F      G
               +--------+--------+--------+--------+--------+-----+--------+
         Total |    497 |    497 |      0 |    241 |      3 |   1 |  497.0 |
       Dungeon |    497 |    497 |      0 |    241 |      3 |   1 |  497.0 |
               +--------+--------+--------+--------+--------+-----+--------+

Top non-repeatable levels by time:
       D: 497 daAuts
